cohdb
Replays
Latest Replays
All Replays
Popular Replays
Top Player Replays
Match Explorer
How It Works
Community
CoH3 Stats
Reddit
Sign in to upload your games and track your stats! →
Sign in with Steam
Match 41171749
Unlisted
Match 41171749
Overview
Messages
Build Orders
End
Scout Squad
Scout Squad
Selects Airborne Battlegroup
Selects Pathfinders
Pathfinder Squad
Pathfinder Squad
Mechanized Support Center
Construct Weapon Support Center
M3 Armored Personnel Carrier
M3 Armored Personnel Carrier
M3 Armored Personnel Carrier
Selects Recon Loiter
Selects Paratrooper Squad Paradrop
M3 Armored Personnel Carrier
Designate Forward Repair Station
Paratrooper Squad Paradrop
kenleung
Dofz
s9405167
色孽神选王九七
国产原装史迪仔
盗号狗我屮尼的血妈
0
0
Comments
sign in to comment!
No comments posted yet!